 Dungeon Crawl Stone Soup version 0.26.1-11-gd32895ea62 (webtiles) character file.

Game seed: 5064097117363585485

148 JBAR the Caller (level 5, 0/37 HPs)
             Began as a Gnoll Summoner on July 9, 2021.
             Was a Follower of Elyvilon.
             Succumbed to a worker ant's poison
             ... on level 4 of the Dungeon.
             The game lasted 00:08:42 (3907 turns).

JBAR the Caller (Gnoll Summoner)                    Turns: 3907, Time: 00:08:43

Health: 0/37       AC:  4    Str: 11    XL:     5   Next: 30%
Magic:  0/12       EV: 15    Int: 18    God:    Elyvilon [*.....]
Gold:   172        SH:  0    Dex: 15    Spells: 8/14 levels left

rFire    . . .     SeeInvis +   k - +0 falchion (vorpal)
rCold    . . .     Faith    .   (no shield)
rNeg     . . .     Spirit   +   a - +0 robe
rPois    .         Reflect  .   n - +0 helmet
rElec    .         Harm     .   (no cloak)
rCorr    .         Rampage  .   (no gloves)
Will     .....                  q - +0 pair of boots
Stlth    +++.......             h - amulet of guardian spirit
HPRegen  0.12/turn              l - ring of see invisible
MPRegen  0.13/turn              (no ring)

@: mighty, lethally poisoned (0 -> -1), protection
A: distributed training, fangs 1, strong nose
a: Renounce Religion, Lesser Healing, Divine Protection


You were on level 4 of the Dungeon.
You worshipped Elyvilon.
Elyvilon was aware of your devotion.
You visited 1 branch of the dungeon, and saw 4 of its levels.

You collected 172 gold pieces.

Inventory:

Hand Weapons
 d - a +0 dagger of speed
 k - a +0 vorpal falchion (weapon)
Missiles
 g - 45 bolts
Armour
 a - a +0 robe (worn)
 n - a +0 helmet (worn)
 q - a +0 pair of boots (worn)
Jewellery
 h - an amulet of guardian spirit (around neck)
 l - a ring of see invisible (left hand)
Scrolls
 i - a scroll of remove curse
 p - a scroll of teleportation
Potions
 b - 3 potions of curing
 c - a potion of haste
 e - a potion of berserk rage
 f - a potion of might
 j - 2 potions of degeneration {unknown}
 m - a potion of heal wounds {unknown}
 o - 3 potions of flight {unknown}


   Skills:
 + Level 1.4 Fighting
 + Level 1.4 Short Blades
 + Level 1.4 Long Blades
 + Level 1.4 Axes
 + Level 1.4 Maces & Flails
 + Level 1.4 Polearms
 + Level 1.4 Staves
 + Level 1.4 Slings
 + Level 1.4 Bows
 + Level 1.4 Crossbows
 + Level 1.4 Throwing
 + Level 1.4 Armour
 + Level 4.7 Dodging
 + Level 4.4 Stealth
 + Level 1.4 Shields
 + Level 1.4 Unarmed Combat
 + Level 5.2 Spellcasting
 + Level 1.1 Conjurations
 + Level 1.1 Hexes
 + Level 7.2 Summonings
 + Level 1.1 Necromancy
 + Level 1.1 Translocations
 + Level 1.1 Transmutations
 + Level 1.1 Fire Magic
 + Level 1.1 Ice Magic
 + Level 1.1 Air Magic
 + Level 1.1 Earth Magic
 + Level 1.1 Poison Magic
 + Level 1.6 Invocations
 + Level 1.4 Evocations


You had 8 spell levels left.
You knew the following spells:

 Your Spells              Type           Power        Failure   Level
a - Summon Small Mammal   Summ           100%         1%          1
b - Call Imp              Summ           30%          1%          2
c - Call Canine Familiar  Summ           30%          1%          3

Your spell library contained the following spells:

 Spells                   Type           Power        Failure   Level
 Summon Guardian Golem    Hex/Summ       19%          7%          3
 Summon Ice Beast         Ice/Summ       19%          24%         4
 Summon Lightning Spire   Summ/Air       19%          24%         4


Dungeon Overview and Level Annotations

Branches:
Dungeon (4/15)
 Temple: D:4-7

Altars:
Ashenzari
Elyvilon

Annotations:
D:4 1 transporter, Ijyb


Innate Abilities, Weirdness & Mutations

Your experience applies equally to all skills.
You have very sharp teeth.
Your uncanny sense of smell can sniff out nearby items.


Message History

Your hound bites Ijyb but does no damage.
You barely miss the ogre.
Ijyb hits your hound but does no damage.
Your hound closely misses Ijyb.
The ogre closely misses you.
An orc comes into view. It is wielding a +0 mace.
You slash the ogre!
The ogre is heavily wounded.
Ijyb barely misses your hound.
Your hound barely misses Ijyb.
Ijyb hits your hound with a +0 dagger.
Your hound bites Ijyb but does no damage.
The ogre misses you.
You hit the ogre.
The ogre is heavily wounded.
Ijyb hits your hound with a +0 dagger.
Your hound bites Ijyb.
Your hound closely misses Ijyb.
Ijyb misses your hound.
The ogre hits you with a +0 giant club!!
Ouch! That really hurt!
* * * LOW HITPOINT WARNING * * *
You beseech Elyvilon to protect your life.
You die...

.Z#...##...#
.Z#)...##..#####
.W#........##..#
..#...###......#
.Z#...# #.....##
# ..#..##
##...†## .#
.Z#..#
#.#...####..##
..#..
...##.........#
..#..
..##.####.@.....#
..#.... #.#
#.O......# ..
#....)h......## .
#......g..####
...........#
##......o..#
.......#..##
.......#..#
#...... ...


You could see an ogre, Ijyb (berserk), an orc and a friendly hound (summoned).

Vanquished Creatures
  An orc wizard (D:3)
  A worker ant (D:4)
  An adder (D:4)
  2 orcs
  4 goblins
  2 hobgoblins
  6 jackals
  2 quokkas
  A frilled lizard (D:2)
  2 kobolds
  3 rats
25 creatures vanquished.

Vanquished Creatures (collateral kills)
  A scorpion (D:2)
  A gnoll (D:1)
  3 adders (D:2)
  2 oozes (D:1)
  A worm (D:2)
  An orc (D:3)
  A ball python (D:2)
  2 bats (D:1)
  2 giant cockroaches (D:1)
  3 goblins
  A hobgoblin (D:1)
  2 jackals (D:1)
  A quokka (D:2)
  3 frilled lizards (D:1)
  3 kobolds
  3 rats
30 creatures vanquished.

Grand Total: 55 creatures vanquished

Notes
Turn   | Place    | Note
-------+----------+-------------------------------------------
     0 | D:1      | JBAR the Gnoll Summoner began the quest for the Orb.
     0 | D:1      | Reached XP level 1. HP: 13/13 MP: 6/6
   485 | D:1      | Reached XP level 2. HP: 19/19 MP: 2/7
   532 | D:1      | Learned a level 2 spell: Call Imp
   854 | D:1      | Reached XP level 3. HP: 9/25 MP: 2/9
   860 | D:1      | Reached skill level 5 in Spellcasting
  1399 | D:2      | Noticed a scorpion
  1415 | D:2      | Killed a scorpion
  1416 | D:2      | Reached skill level 1 in Fighting
  1416 | D:2      | Reached skill level 1 in Short Blades
  1416 | D:2      | Reached skill level 1 in Long Blades
  1416 | D:2      | Reached skill level 1 in Axes
  1416 | D:2      | Reached skill level 1 in Maces & Flails
  1416 | D:2      | Reached skill level 1 in Polearms
  1416 | D:2      | Reached skill level 1 in Staves
  1416 | D:2      | Reached skill level 1 in Slings
  1416 | D:2      | Reached skill level 1 in Bows
  1416 | D:2      | Reached skill level 1 in Crossbows
  1416 | D:2      | Reached skill level 1 in Throwing
  1416 | D:2      | Reached skill level 1 in Armour
  1416 | D:2      | Reached skill level 1 in Shields
  1416 | D:2      | Reached skill level 1 in Unarmed Combat
  1416 | D:2      | Reached skill level 1 in Invocations
  1416 | D:2      | Reached skill level 1 in Evocations
  1573 | D:2      | Reached XP level 4. HP: 28/32 MP: 1/11
  1802 | D:2      | Found a white marble altar of Elyvilon.
  1809 | D:2      | Became a worshipper of Elyvilon the Healer
  1864 | D:2      | Learned a level 3 spell: Call Canine Familiar
  2868 | D:3      | Reached skill level 1 in Conjurations
  2868 | D:3      | Reached skill level 1 in Hexes
  2868 | D:3      | Reached skill level 1 in Necromancy
  2868 | D:3      | Reached skill level 1 in Translocations
  2868 | D:3      | Reached skill level 1 in Transmutations
  2868 | D:3      | Reached skill level 1 in Fire Magic
  2868 | D:3      | Reached skill level 1 in Ice Magic
  2868 | D:3      | Reached skill level 1 in Air Magic
  2868 | D:3      | Reached skill level 1 in Earth Magic
  2868 | D:3      | Reached skill level 1 in Poison Magic
  2883 | D:3      | Reached XP level 5. HP: 28/37 MP: 6/12
  3042 | D:3      | Reached * piety under Elyvilon
  3255 | D:3      | Found a broken altar of Ashenzari.
  3845 | D:4      | Found a transporter.
  3858 | D:4      | Noticed a phantom
  3895 | D:4      | Noticed Ijyb
  3897 | D:4      | Noticed an ogre
  3906 | D:4      | HP: 1/37 [ogre/+0 giant club (22)]
  3907 | D:4      | Succumbed to a worker ant's poison

Illustrated notes

Levels and vault maps discovered:
D:1:      ebering_trefoil_twist, layout_basic
D:2:      layout_basic, old_standard_altar, serial_rivers,
          chequers_serial_rivers_large_b, chequers_serial_rivers_small_3,
          chequers_serial_rivers_micro_a, chequers_serial_rivers_small_b,
          chequers_serial_rivers_micro_c
D:3:      layout_loops_ring, lemuel_tele_altar
D:4:      layout_cave_pools, minmay_temple_entry_slanted,
          gammafunk_ghost_mausoleum, serial_park, serial_park_square3
          [serial_park_minivault_5x5_7], chequers_serial_rivers_micro_e,
          grunt_ministairs_13, uniq_ijyb

Skill      XL: |  1  2  3  4 |
---------------+-------------+-----
Spellcasting   | 5 |  5.2
Fighting       | 1 |  1.4
Short Blades   | 1 |  1.4
Long Blades    | 1 |  1.4
Axes           | 1 |  1.4
Maces & Flails | 1 |  1.4
Polearms       | 1 |  1.4
Staves         | 1 |  1.4
Slings         | 1 |  1.4
Bows           | 1 |  1.4
Crossbows      | 1 |  1.4
Throwing       | 1 |  1.4
Armour         | 1 |  1.4
Shields        | 1 |  1.4
Unarmed Combat | 1 |  1.4
Invocations    | 1 |  1.6
Evocations     | 1 |  1.4
Conjurations   | 1 |  1.1
Hexes          | 1 |  1.1
Necromancy     | 1 |  1.1
Translocations | 1 |  1.1
Transmutations | 1 |  1.1
Fire Magic     | 1 |  1.1
Ice Magic      | 1 |  1.1
Air Magic      | 1 |  1.1
Earth Magic    | 1 |  1.1
Poison Magic   | 1 |  1.1
Dodging        | |  4.7
Stealth        | |  4.4
Summonings     | |  7.2

Action                   |  1- 3 |  4- 6 || total
-------------------------+-------+-------++-------
Melee: Unarmed           |    38 |       ||    38
       Bite              |     3 |     3 ||     6
       Club              |    17 |     1 ||    18
       Dagger            |       |    30 ||    30
       Falchion          |       |    32 ||    32
       Punch             |       |     1 ||     1
 Cast: Summon Small Mamm |    22 |     5 ||    27
       Call Imp          |    22 |     4 ||    26
       Call Canine Famil |       |     9 ||     9
Invok: Divine Protection |       |     1 ||     1
       Lesser Healing    |       |     1 ||     1
  Use: Scroll            |     4 |     4 ||     8
       Potion            |       |     1 ||     1
 Stab: Sleeping          |     3 |     2 ||     5
Armor: Robe              |     6 |     5 ||    11
Dodge: Dodged            |    51 |    42 ||    93
       Rpst.: Falchion   |       |     8 ||     8
